 Dungeon Crawl Stone Soup version 0.25.0-9-g26727b657a (webtiles) character file.

Game seed: 16446553805198124473

136 Flugkiller the Shield-Bearer (level 4, -1/42 HPs)
             Began as a Deep Dwarf Fighter on June 20, 2020.
             Killed by divine providence
             ... invoked by an orc priest
              (13 damage)
             ... on level 3 of the Dungeon.
             The game lasted 00:00:52 (1155 turns).

Flugkiller the Shield-Bearer (Deep Dwarf Fighter)   Turns: 1155, Time: 00:00:52

Health: -1/42      AC:  9    Str: 21    XL:     4   Next: 98%
Magic:  4/4        EV:  7    Int:  8    God:
Gold:   94         SH:  9    Dex: 12    Spells: 3/3 levels left

rFire    . . .     SeeInvis .   a - +0 war axe
rCold    . . .     Gourm    .   c - +0 kite shield
rNeg     . . .     Faith    .   b - +0 scale mail
rPois    .         Spirit   .   g - +1 hat
rElec    .         Reflect  .   (no cloak)
rCorr    .         Harm     .   (no gloves)
MR       .....                  k - +0 pair of boots
Stlth    ..........             (no amulet)
HPRegen  0.00/turn              (no ring)
MPRegen  0.09/turn              (no ring)

@: non-regenerating
A: damage resistance, heal wounds, sense surroundings 1, no regeneration
a: Heal Wounds


You were on level 3 of the Dungeon.
You were not hungry.

You visited 1 branch of the dungeon, and saw 3 of its levels.

You collected 94 gold pieces.

Inventory:

Hand Weapons
 a - a +0 war axe (weapon)
Armour
 b - a +0 scale mail (worn)
 c - a +0 kite shield (worn)
 g - a +1 hat (worn)
   (You found it on level 1 of the Dungeon)
 k - a +0 pair of boots (worn)
   (You found it on level 1 of the Dungeon)
Scrolls
 f - 4 scrolls of fear {unknown}
 i - 2 scrolls of remove curse {unknown}
 r - a scroll of magic mapping {unknown}
Potions
 d - 2 potions of might
 h - 2 potions of curing {unknown}
 j - a potion of cancellation {unknown}
 m - 2 potions of invisibility {unknown}
 n - a potion of lignification {unknown}
 o - 2 potions of stabbing {unknown}
 p - a potion of mutation {unknown}
 q - a potion of brilliance {unknown}
 s - a potion of flight {unknown}
Comestibles
 e - 3 rations
 l - 10 chunks of flesh


   Skills:
 + Level 3.3 Fighting
 * Level 4.0 Axes
 + Level 4.0 Armour
 + Level 4.0 Shields


You had 3 spell levels left.
You didn't know any spells.
Your spell library was empty.

Dungeon Overview and Level Annotations

Branches:
Dungeon (3/15)

Altars:


Innate Abilities, Weirdness & Mutations

You are resistant to damage.
You can heal yourself by infusing magical energy.
You passively map a small area around you.
You do not regenerate.


Message History

The orc priest mumbles some strange prayers to Beogh against you.
Pain shoots through your body! The orc hits you but does no damage.
You block the orc priest's attack.
You hit the orc priest but do no damage.
The orc hits you from afar with a +0 trident.
The orc priest miscasts a cantrip.
You hit the orc priest.
The orc priest is lightly wounded.
The orc hits you but does no damage. You block the worker ant's attack.
The orc hits you from afar with a +0 trident.
You hit the orc priest.
The orc priest is heavily wounded.
You closely miss the orc. You completely miss the worker ant.
The orc priest mumbles some strange prayers to Beogh against you.
Pain shoots through your body!
* * * LOW HITPOINT WARNING * * *
The worker ant bites you but does no damage.
The orc priest mumbles some strange prayers to Beogh against you.
Beogh smites you!
You die...

* * * , ,, * * * , ,,
** * , , *
#################
##+####...............#
#...oo@.#############.#
, #....ao.# #...
*#.....o$# * *####..# ,
.'........ ,....... ,
*##)..<...##* #.###...
#.......# , #... *
###.....# #.###...
....... #....))# *,
#..###.#


You could see a worker ant, 2 orc priests and 2 orcs.

Vanquished Creatures
  A howler monkey (D:3)
  3 adders (D:3)
  5 worms
  A leopard gecko (D:1)
  3 ball pythons
  A giant cockroach (D:1)
  7 goblins
  5 hobgoblins
  3 jackals (D:2)
  3 bats
  5 frilled lizards
  13 kobolds
  4 rats (D:1)
54 creatures vanquished.

Notes
Turn   | Place    | Note
-------+----------+-------------------------------------------
     0 | D:1      | Flugkiller the Deep Dwarf Fighter began the quest for the
                  | Orb.
     0 | D:1      | Reached XP level 1. HP: 20/20 MP: 1/1
    58 | D:1      | Reached XP level 2. HP: 18/27 MP: 2/2
   409 | D:1      | Reached XP level 3. HP: 30/33 MP: 3/3
  1044 | D:3      | Reached XP level 4. HP: 27/42 MP: 4/4
  1155 | D:3      | Killed from afar by an orc priest

Illustrated notes

Levels and vault maps discovered:
D:1:      co_arrival_hall_of_pillars, layout_basic
D:2:      layout_basic, uniq_jessica
D:3:      layout_basic, first_ration

Skill      XL: |  1  2  3  4 |
---------------+-------------+-----
Axes           | 3 4 |  4.0
Fighting       | 3 |  3.3
Armour         | 4 |  4.0
Shields        | 4 |  4.0

Action                   |  1- 3 |  4- 6 || total
-------------------------+-------+-------++-------
Melee: War axe           |   136 |    28 ||   164
 Abil: Heal Wounds       |     1 |       ||     1
  Eat: Chunk             |     1 |       ||     1
Armor: Scale mail        |    73 |    18 ||    91
Dodge: Dodged            |    51 |     9 ||    60
Block: Kite shield       |    77 |    19 ||    96
